 Dungeon Crawl Stone Soup version 0.15-a0-1866-g491fd59 (webtiles) character file.

1068993 Ololoev the Conqueror (level 27, -6/249 HPs)
             Began as a Demonspawn Death Knight on June 27, 2014.
             Was the Champion of Makhleb.
             Killed from afar by a Brimstone Fiend (34 damage)
             ... with a blast of hellfire
             ... in Pandemonium on July 4, 2014.
             The game lasted 14:24:56 (120920 turns).

Ololoev the Conqueror (Demonspawn Death Knight)   Turns: 120920, Time: 14:25:06

HP  -6/249       AC 41     Str 25      XL: 27
MP  41/41        EV 27     Int 10 (12) God: Makhleb [******]
Gold 7634        SH 18     Dex 22      Spells: 10 memorised, 14 levels left

rFire  + . .     SeeInvis +     P - +18 lance "Wyrmbane" {slay drac, +Rage rPois rF+ AC+5}
rCold  + + .     Rnd*Rage +     y - +10 plate armour {rN+}
rNeg   + + .     rCorr    +     F - +2 shield {rC+}
rPois  +         rRot     +     i - +0 mask of the Dragon {MR+ Slay+3 SInv}
rElec  .         Spirit   .     R - +2 cloak {MR+} (curse)
SustAb .         Warding  .     H - +0 pair of gloves {Str+3}
rMut   +         Stasis   .     (boots unavailable)
Gourm  .                        a - amulet of resist mutation
MR     +++++                    D - cursed ring "Skidatt" {+Blink rPois MR+ Dex+4 SInv}
                                j - ring of Linearity {rN+ MR+}

@: almost entirely resistant to hostile enchantments, extremely unstealthy
A: hooves 3, yellow scales 3, berserk 1, cold resistance 1, deformed body, foul
stench 2, icemail, augmentation 3, no device heal 1, rot immunity, freezing
cloud immunity
a: Minor Destruction, Lesser Servant of Makhleb, Major Destruction, Greater
Servant of Makhleb, Renounce Religion, Evoke Blink, Evoke Berserk Rage
}: 10/15 runes: decaying, slimy, silver, golden, iron, obsidian, icy, bone,
abyssal, gossamer


You were in Pandemonium.
You worshipped Makhleb.
Makhleb was exalted by your worship.
You were not hungry.

You visited 18 branches of the dungeon, and saw 97 of its levels.
You visited Pandemonium 1 time, and saw 1 of its levels.
You visited the Abyss 2 times.
You visited 1 bazaar.
You also visited: Labyrinth, Ice Cave and Volcano.

You collected 16348 gold pieces.
You spent 8686 gold pieces at shops.

Inventory:

Hand weapons
 e - the +9 glaive of Embarrassment {freeze, +Blink +Rage rPois}
   (You acquired it on level 12 of the Dungeon)

   It has been specially enchanted to freeze those struck by it, causing extra
   injury to most foes and up to double damage against particularly susceptible
   opponents.
   It can also slow down cold-blooded creatures.
   It protects you from poison.
   It lets you blink.
   It lets you go berserk.
 P - the cursed +18 lance "Wyrmbane" (weapon) {slay drac, +Rage rPois rF+ AC+5}
   (You bought it in a shop on level 3 of the Elven Halls)

   It affects your AC (+5).
   It protects you from fire.
   It protects you from poison.
   It lets you go berserk.
   It has a curse placed upon it.
Armour
 i - the +0 mask of the Dragon (worn) {MR+ Slay+3 SInv}
   (You found it on level 7 of Tartarus)

   It affects your accuracy and damage with ranged weapons and melee attacks
   (+3).
   It affects your resistance to hostile enchantments.
   It enhances your eyesight.
 y - a +10 plate armour of positive energy (worn)
 F - a +2 shield of cold resistance (worn)
 H - a +0 pair of gloves of strength (worn)
 R - a cursed +2 cloak of magic resistance (worn)
Magical devices
 c - a wand of hasting (8)
 d - a wand of heal wounds (5)
 n - a wand of teleportation (1)
 s - a wand of heal wounds (3)
 z - a wand of invisibility (4)
 T - a wand of digging (2)
Comestibles
 q - 19 meat rations
 t - 32 bread rations
Scrolls
 b - 3 scrolls of identify
 k - 28 scrolls of remove curse
 r - 3 scrolls of summoning
 x - 32 scrolls of teleportation
 B - 7 scrolls of enchant armour
 C - 3 scrolls of fog
 M - 5 scrolls of blinking
 V - 4 scrolls of magic mapping
 W - 6 scrolls of enchant weapon
 X - 4 scrolls of vulnerability
 Y - 2 scrolls of silence
Jewellery
 a - an amulet of resist mutation (around neck)
 j - the ring of Linearity (left hand) {rN+ MR+}
   (You found it on level 7 of the Iron City of Dis)

   [ring of protection from magic]

   It protects you from negative energy.
   It affects your resistance to hostile enchantments.
 p - the amulet "Struivo" {Gourm +Rage Dex+3 Stlth---}
   (You took it off an ogre mage on level 2 of the Depths)

   [amulet of the gourmand]

   It allows you to eat raw meat even when not hungry.
   It affects your dexterity (+3).
   It lets you go berserk.
   It makes you much less stealthy.
 D - the cursed ring "Skidatt" (right hand) {+Blink rPois MR+ Dex+4 SInv}
   (You found it on level 5 of the Vaults)

   [ring of see invisible]

   It affects your dexterity (+4).
   It protects you from poison.
   It affects your resistance to hostile enchantments.
   It enhances your eyesight.
   It lets you blink.
   It has a curse placed upon it.
Potions
 f - 2 potions of flight
 g - 13 potions of restore abilities
 h - a potion of heal wounds
 u - 5 potions of resistance
 w - 5 potions of agility
 G - 6 potions of might
 N - 25 potions of curing
Miscellaneous
 l - a lamp of fire
 o - a fan of gales
 A - a lamp of fire
 E - a lamp of fire
 L - a phial of floods
 Q - a lamp of fire


   Skills:
 O Level 27 Fighting
 - Level 20.0 Polearms
 - Level 3.0 Throwing
 + Level 24.6 Armour
 - Level 22.0 Dodging
 - Level 18.0 Shields
 - Level 8.0 Spellcasting
 - Level 6.0 Hexes
 - Level 11.0 Charms
 - Level 7.0 Necromancy
 - Level 8.0 Translocations
 - Level 8.0 Transmutations
 - Level 10.0 Air Magic
 - Level 8.0 Earth Magic
 - Level 15.0 Invocations
 - Level 19.0 Evocations


You had 14 spell levels left.
You knew the following spells:

 Your Spells              Type           Power        Failure   Level  Hunger
a - Swiftness             Chrm/Air       ####....     1%          2    #......
b - Passwall              Trmt/Erth      ###.......   6%          3    ###....
c - Repel Missiles        Chrm/Air       ####..       1%          2    #......
d - Flight                Chrm/Air       ####......   1%          3    ###....
e - Regeneration          Chrm/Necr      ###.......   3%          3    ###....
f - Apportation           Tloc           ###.......   1%          1    None
g - Blink                 Tloc           N/A          2%          2    #......
h - Silence               Hex/Air        ###.......   54%         5    #####..
i - Deflect Missiles      Chrm/Air       ####......   89%         6    #######
j - Summon Butterflies    Summ           #.......     52%         1    None


Dungeon Overview and Level Annotations

Branches:
Dungeon (15/15)            Temple (1/1) D:6             Orc (4/4) D:9
    Elf (3/3) Orc:4          Lair (8/8) D:11          Swamp (5/5) Lair:6
 Spider (5/5) Lair:3        Slime (6/6) Lair:7       Vaults (5/5) D:13
  Crypt (3/3) Vaults:2       Tomb (3/3) Crypt:3        Hell (1/1)
    Dis (7/7) Hell            Geh (7/7) Hell            Coc (7/7) Hell
    Tar (7/7) Hell            Zot (5/5) Depths:5     Depths (5/5) D:15

Altars:
Ashenzari
Dithmenos
Elyvilon
Fedhas
Gozag
Kikubaaqudgha
Makhleb
Okawaru
Qazlal
Sif Muna
Vehumet
Xom
Yredelemnul
Zin
The Shining One
Beogh
Jiyva

Shops:
D:9 %   Orc:2 *   Orc:3 ?   Orc:4 [?!(   Elf:3 *%((?   Vaults:1 (   Vaults:2 *
Vaults:4 }   Vaults:5 ???%?!!%   Depths:5 =

Portals:
Hell: Depths:1 Depths:2 Depths:3 Depths:4 Depths:5
Abyss: Depths:4
Pandemonium: Depths:3
Ziggurat: Depths:1

Annotations:
Crypt:1 exclusion: curse skull


Innate Abilities, Weirdness & Mutations

You have hooves in place of feet.
You are completely covered in yellow scales (AC +4, rCorr).
Your flesh is cold resistant.
You radiate miasma.
A meltable icy envelope protects you from harm and freezing vapours (AC +0).
Your magical and physical power is greatly enhanced at high health.
You are immune to rotting.
You are immune to freezing clouds.
You tend to lose your temper in combat.
Armour fits poorly on your strangely shaped body.
Potions and wands are less effective at restoring your health.


Message History

The blast of hellfire engulfs the balrug.
The balrug completely resists.
You block the balrug's attack.
Ziazuyli gestures.
Ziazuyli flickers and vanishes for a moment.
Evoke which item? (* to show all) (? for menu, Esc to quit)
Zapping:
d - a wand of heal wounds (6)
Press: ? - help, Shift-Dir - straight line, f - you, p - Brimstone Fiend You feel much better.
This wand has 5 charges left.
The Brimstone Fiend calls on the powers of darkness!
Your body is wracked with pain!
* * * LOW HITPOINT WARNING * * *
You block the Brimstone Fiend's attack. x2
The Brimstone Fiend barely misses you. The balrug hits you but does no damage.
The balrug gestures at you.
The sticky flame is repelled.
You feel less protected from missiles. The Brimstone Fiend gestures at you.
The hellfire explodes!
The blast of hellfire engulfs you!
Your icy envelope dissipates!
You die...

# #.#
#.####.##'.#+#.'##.#.#
# ###.# #.#
#..(..........#.#
.##.# #.#
#.###41#'.###...#
.##.# ... #.#
'.#.#.'.#...# ....#
... #.###3&#'.###.#.#
.#### .
#.............#.# .##
... #.##12#+#.'##.#.#
..# ... #.# #.#
#.#)#.#.#####
#.###.#.#
#.###@###.###.......#
......#.#
#..............####.#
##.####.#
#...########...# #.#
....###.####.### #####
#.# ....##.......# #.#
.....#.......# #.#
####.#.......# #.#
#....#.###### ###.#
#....#.# #...#


You could see Ziazuyli (invisible), 2 Brimstone Fiends, a balrug, an orange
demon and a neqoxec.

Vanquished Creatures
  Antaeus (Coc:7)
  Asmodeus (Geh:7)
  the royal jelly (Slime:6)
  Ereshkigal (Tar:7)
  Dispater (Dis:7)
  13 orbs of fire
  8 ancient liches
  Khufu (Crypt:1)
  the Serpent of Hell (Dis:7)
  30 greater mummies
  Boris (Crypt:3)
  5 curse toes
  2 Killer Klowns (Zot:5)
  Geryon (Hell)
  10 golden dragons
  20 Brimstone Fiends
  Frederick (Vaults:2)
  2 electric golems
  8 bone dragons
  6 Hell Sentinels
  The ghost of Turgon the Earth Mage, a mighty DgEE (Depths:4)
  11 tentacled monstrosities
  A hellephant (Hell)
  14 Ice Fiends
  4 titans (Vaults:5)
  14 Shadow Fiends
  5 quicksilver dragons
  2 deep elf blademasters (Elf:3)
  An Executioner (Elf:3)
  24 Orb Guardians (Zot:5)
  10 storm dragons
  4 eldritch tentacles
  11 acid blobs
  9 liches
  A daeva (Abyss:3)
  5 tentacled starspawn
  Rupert (Lair:3)
  5 ancient champions
  11 shadow dragons
  12 sphinxes
  3 azure jellies
  4 revenants
  5 tengu reavers
  4 draconian monks
  7 draconian scorchers
  5 deep elf sorcerers
  17 frost giants
  12 vault wardens
  19 fire giants
  4 cacodemons
  A warmonger (Pan)
  9 balrugs
  7 iron dragons
  6 emperor scorpions
  6 draconian knights
  7 draconian zealots
  A ghost moth (shapeshifter) (D:15)
  6 ghost moths
  Jorgrun (Spider:2)
  20 ghouls
  30 stone giants
  18 war gargoyles
  3 draconian shifters
  5 draconian annihilators
  A blood saint (Pan)
  A spriggan defender (Depths:5)
  4 draconian callers
  39 reapers
  3 deep elf demonologists
  12 rakshasas
  A curse skull (Crypt:3)
  6 vampire knights
  3 lorocyprocas
  10 grey draconians
  7 salamander firebrands
  4 green draconians
  5 deep elf annihilators
  6 white draconians
  8 dire elephants
  3 mottled draconians
  A mottled draconian (shapeshifter) (Vaults:5)
  6 pale draconians
  10 black draconians
  5 red draconians
  6 yellow draconians
  6 purple draconians
  An unborn (Vaults:2)
  7 minotaurs
  10 blizzard demons
  22 mummy priests
  3 deep elf death magi
  6 eidola
  41 vault guards
  A crystal guardian (Vaults:5)
  4 green deaths
  16 fire dragons
  3 deep elf high priests
  5 great orbs of eyes
  20 ettins
  4 quicksilver dragon zombies
  8 jiangshi
  6 death oozes (Slime:6)
  A fire dragon (shapeshifter) (Vaults:5)
  A kraken zombie (Coc:7)
  13 ironheart preservers
  21 yaktaur captains
  51 ice dragons
  14 ogre magi
  5 spriggan air magi
  3 hydras
  2 quicksilver dragon skeletons
  An ice dragon (shapeshifter) (Elf:1)
  14 death cobs
  A ghost crab (shapeshifter) (Vaults:5)
  Nessos (Spider:1)
  A shambling mangrove (Abyss:3)
  2 ravenous feature mimics
  An alligator snapping turtle (shapeshifter) (Depths:2)
  6 deep troll earth magi
  5 alligators
  3 death knights
  3 ghost crabs
  A satyr (Abyss:3)
  5 tengu warriors
  4 dancing weapons
  7 vampire magi
  8 deep troll shamans
  33 death yaks
  4 spriggan berserkers
  A death yak (shapeshifter) (Vaults:5)
  6 thrashing horrors
  14 hell hogs
  A titan zombie (Depths:4)
  22 hell knights
  10 sun demons
  A spriggan (Depths:5)
  24 soul eaters
  16 iron golems
  13 very ugly things
  16 centaur warriors
  6 storm dragon zombies
  2 titan skeletons
  5 wretched stars
  2 death drakes
  15 deep elf knights
  2 spatial maelstroms
  10 shadow wraiths
  112 skeletal warriors
  2 hell beasts
  A fire crab (Vaults:3)
  22 ice devils
  4 golden dragon zombies
  A spectral hydra (Crypt:1)
  10 iron trolls
  14 flayed ghosts
  An unseen horror (D:15)
  3 storm dragon skeletons
  12 anaconda zombies
  An infernal demonspawn (Depths:3)
  5 wizards
  11 deep elf summoners
  11 hill giants
  26 starcursed masses
  4 giant orange brains
  6 shadow demons
  5 harpies
  6 orb spiders
  A putrid demonspawn (Pan)
  4 anaconda skeletons
  2 ice statues
  2 swamp dragons (Swamp:5)
  2 lindwurms (Depths:3)
  3 shadow dragon zombies
  11 necromancers
  2 tengu zombies
  11 ironbrand convokers
  2 water nymphs (Abyss:3)
  3 golden dragon skeletons
  3 harpies (shapeshifter)
  2 torturous demonspawn (Pan)
  19 wolf spiders
  27 deep trolls
  3 wolf spider zombies
  14 deep elf conjurers
  8 orc knights
  18 large abominations
  6 fire giant zombies
  23 hellions
  7 shadow dragon skeletons
  6 cyclopes
  An oklob plant (Depths:3)
  A griffon (Vaults:1)
  2 iron dragon zombies
  6 stone giant zombies
  3 orc sorcerers
  A worldbinder (Abyss:2)
  6 frost giant zombies
  A draconian (shapeshifter) (Vaults:4)
  26 phantasmal warriors
  19 moths of wrath
  A shock serpent zombie (Crypt:3)
  2 iron dragon skeletons
  3 manticores
  A fire giant skeleton (Tomb:3)
  2 spriggan zombies
  8 sixfirhies
  9 frost giant skeletons
  3 black mambas
  11 molten gargoyles
  4 stone giant skeletons
  A deep dwarf zombie (Spider:2)
  2 elephants (Lair:4)
  5 dire elephant zombies
  A mermaid (shapeshifter) (Vaults:3)
  13 smoke demons
  A torpor snail (Spider:3)
  2 gargoyles
  2 titan simulacra (Tomb:3)
  27 iron devils
  13 fire drakes
  A grey draconian zombie (Crypt:1)
  16 vault sentinels
  A kobold demonologist (Vaults:2)
  11 spiny frogs
  24 tormentors
  8 death yak zombies
  4 efreet
  2 shock serpent skeletons
  13 orange demons
  9 komodo dragons
  28 elf zombies
  6 hellwings
  An emperor scorpion zombie (Dis:7)
  A dire elephant skeleton (Tar:7)
  20 freezing wraiths
  38 blue devils
  A tengu conjurer (D:15)
  An elf (shapeshifter) (Vaults:3)
  A raiju (shapeshifter) (Vaults:4)
  7 demonic crawlers
  13 trolls
  79 guardian mummies
  A demonic crawler zombie (Spider:1)
  8 ancient zymes
  A red draconian skeleton (Coc:7)
  59 yaktaurs
  6 harpy zombies
  8 deep elf priests
  2 centaur skeletons
  2 ghoul skeletons
  15 red devils
  3 silent spectres
  A wolf spider simulacrum (Tar:7)
  15 polar bears
  Sonja (Spider:1)
  3 catoblepas zombies
  21 jumping spiders
  3 boulder beetles
  A raven (D:15)
  7 blink frogs
  A giant leech (Swamp:2)
  A death drake skeleton (Crypt:3)
  10 hydra zombies
  A satyr zombie (Crypt:1)
  A baby alligator (shapeshifter) (D:15)
  A minotaur skeleton (Tar:1)
  5 hydra skeletons
  8 bog bodies
  A human simulacrum (Vaults:2)
  7 ettin zombies
  A fire vortex (Zot:2)
  7 tarantella zombies
  3 jumping spider zombies
  6 ice dragon zombies
  A very ugly thing zombie (D:15)
  23 two-headed ogres
  2 baby alligators (Swamp:5)
  5 fire dragon zombies
  12 human zombies
  A basilisk (Lair:2)
  A catoblepas skeleton (Tar:7)
  A griffon zombie (Lair:7)
  A red wasp zombie (Spider:2)
  A trapdoor spider zombie (Crypt:3)
  3 harpy skeletons
  132 flying skulls
  10 raiju (Abyss:2)
  30 deep elf magi
  4 alligator zombies
  58 slime creatures
  A redback (shapeshifter) (Depths:2)
  5 elf skeletons
  A stone giant simulacrum (Crypt:3)
  29 wraiths
  22 redbacks
  2 spriggans (shapeshifter)
  7 air elementals
  38 yaks
  3 fire dragon skeletons
  13 trapdoor spiders
  3 alligator skeletons
  13 tarantellas
  4 black mamba zombies
  An ice dragon skeleton (Dis:4)
  2 ettin skeletons
  14 fire bats
  4 human skeletons
  A tarantella (shapeshifter) (Vaults:2)
  46 ugly things
  2 wyverns
  2 fire giant simulacra (Crypt:2)
  6 ynoxinuls
  3 black mamba skeletons
  7 neqoxecs
  42 vampires
  19 fire elementals
  8 hippogriffs
  A hog (shapeshifter) (Vaults:5)
  2 golden eyes (Slime:6)
  48 shadows
  Grum (D:12)
  A steam dragon (Lair:8)
  9 water elementals
  6 chaos spawn
  22 deep elf fighters
  15 vampire mosquitoes
  3 hungry ghosts
  2 hill giant skeletons
  An emperor scorpion simulacrum (Coc:2)
  A monstrous demonspawn zombie (Crypt:2)
  23 wolves
  A deep troll zombie (Orc:4)
  2 hill giant zombies
  2 wargs
  4 spatial vortices
  Edmund (D:9)
  7 porcupines
  A merfolk zombie (Tar:1)
  2 hydra simulacra (Hell)
  A baby alligator zombie (Crypt:2)
  10 water moccasins
  2 orb spider zombies (Spider:1)
  22 orc warriors
  19 small abominations
  An earth elemental (Depths:1)
  An elf simulacrum (Depths:4)
  A soldier ant (shapeshifter) (D:13)
  2 spiny frog skeletons
  9 swamp worms
  A fire dragon simulacrum (Crypt:2)
  45 ogres
  13 spiny frog zombies
  11 ice beasts
  53 hell hounds
  4 yellow wasps
  3 black bears
  11 swamp drakes
  17 spiders
  4 snapping turtle zombies
  5 boggarts
  2 manticore zombies
  A sky beast (D:14)
  2 elephant zombies (Lair:4)
  An ice dragon simulacrum (Depths:1)
  25 necrophages
  An alligator simulacrum (Hell)
  2 boring beetles
  3 swamp dragon zombies
  A lost soul (Crypt:3)
  6 phantoms
  3 manticore skeletons
  4 vampire mosquito zombies (D:14)
  9 crocodiles
  A boring beetle (shapeshifter) (Depths:2)
  26 centaurs
  4 komodo dragon zombies
  2 ugly thing zombies
  5 yaktaur zombies
  18 giant frogs
  A big kobold (shapeshifter) (Vaults:5)
  2 brain worms
  5 big kobolds
  A spiny frog simulacrum (Coc:3)
  A water moccasin zombie (Lair:7)
  2 cyclops zombies
  A draconian skeleton (Crypt:3)
  A gnoll sergeant (D:8)
  7 insubstantial wisps
  3 eyes of draining
  2 warg zombies
  8 troll zombies
  3 hippogriff zombies
  A cyclops skeleton (Crypt:2)
  11 scorpions
  12 killer bees
  12 yak zombies
  An electric eel (Lair:6)
  A spriggan skeleton (Geh:7)
  A troll skeleton (Tar:7)
  42 wights
  2 orc skeletons
  A hippogriff skeleton (D:11)
  Dowan (D:9)
  9 crimson imps
  A goliath beetle (D:6)
  5 centaur zombies
  3 lava snakes (Zot:2)
  5 quasits
  4 removed MONS_BIG_FISHs
  21 orc priests
  9 hounds
  19 jellies
  A wolf skeleton (D:12)
  15 iron imps
  12 iguanas
  8 orange rats
  28 orc wizards
  A porcupine skeleton (Crypt:2)
  13 worker ants
  2 sky beast zombies
  4 sheep
  A mottled dragon zombie (D:13)
  A naga zombie (Geh:4)
  11 ogre zombies
  A naga skeleton (Tar:7)
  A necrophage skeleton (D:7)
  A hound zombie (Lair:5)
  3 ogre skeletons
  30 mummies
  A hound skeleton (D:7)
  An orange rat skeleton (Crypt:3)
  18 adders
  4 gnolls
  21 green rats
  2 removed
  MONS_BIG_FISH zombies (D:3)
  A steam dragon zombie (D:8)
  2 sheep zombies
  7 shadow imps
  16 white imps
  2 giant mites
  10 worms
  3 ufetubi
  An iguana zombie (Lair:3)
  A lava snake skeleton (Crypt:3)
  An adder skeleton (D:5)
  An adder zombie (Lair:2)
  2 oozes
  124 orcs
  A ball python (D:2)
  13 bats
  A bat skeleton (D:5)
  A bat zombie (D:6)
  7 giant cockroaches
  24 goblins
  3 green rat zombies (Lair:2)
  18 hobgoblins
  9 jackals
  31 kobolds
  10 quokkas
  4 giant geckos
  6 giant newts
  A giant newt zombie (Crypt:3)
  2 gnoll zombies
  A goblin zombie (Orc:2)
  A hobgoblin zombie (D:11)
  A kobold skeleton (D:6)
  5 kobold zombies
  A lurking horror (Abyss:3)
  45 orc zombies
  A quokka skeleton (Crypt:1)
  10 rats
  2 rat skeletons
  2 ballistomycetes
  A butterfly (Depths:4)
  2 fungi
  2 plants (Depths:3)
  2 tentacles (Coc:7)
4094 creatures vanquished.

Vanquished Creatures (collateral kills)
  A greater mummy (Vaults:2)
  Saint Roka (Depths:2)
  Mara (Swamp:5)
  An Ice Fiend (Coc:7)
  A lich (Depths:2)
  An Orb Guardian (Zot:5)
  2 deep elf master archers (Elf:3)
  A Shadow Fiend (Tar:7)
  15 acid blobs
  2 thorn hunters
  An ancient champion (Crypt:1)
  11 azure jellies
  A fire giant (Depths:2)
  Donald (Spider:3)
  3 emperor scorpions
  A ghost moth (Spider:5)
  A draconian knight (Zot:5)
  3 frost giants
  2 reapers
  6 deep elf sorcerers
  An angel (D:13)
  8 stone giants
  A deep elf demonologist (Elf:3)
  6 deep elf annihilators
  A white draconian (Vaults:2)
  2 deep elf death magi (Elf:3)
  A green death (Tar:7)
  2 ettins (Depths:1)
  5 vault guards
  4 great orbs of eyes
  3 deep elf high priests (Elf:3)
  2 ironheart preservers (Vaults:2)
  An ice dragon (Depths:1)
  A yaktaur captain (Vaults:1)
  13 hydras
  2 fire dragons
  A shambling mangrove (Swamp:5)
  6 alligators
  A spriggan air mage (Depths:1)
  3 ogre magi
  15 death yaks
  A tengu warrior (Depths:1)
  The ghost of WhatIsLove the Hoplite, an experienced FoFi of Okawaru (D:8)
  Urug (D:12)
  A soul eater (Vaults:1)
  A centaur warrior (Depths:1)
  Nergalle (D:14)
  Erolcha (D:8)
  A catoblepas (Lair:8)
  An unseen horror (D:14)
  11 deep elf knights
  3 skeletal warriors (D:14)
  4 large abominations (Elf:3)
  3 deep trolls
  6 deep elf summoners
  A flayed ghost (Depths:2)
  A wizard (Elf:3)
  15 orb spiders
  2 lindwurms (Lair:8)
  8 swamp dragons
  An orb spider (shapeshifter) (Vaults:3)
  An ice statue (IceCv)
  2 giant orange brains
  3 ironbrand convokers (Vaults:1)
  A necromancer (Depths:1)
  2 red wasps
  An orc knight (Elf:3)
  3 harpies (Vaults:1)
  2 phantasmal warriors
  2 human zombies (Vaults:2)
  4 cyclopes
  8 deep elf conjurers
  18 wolf spiders
  A fire giant zombie (Depths:1)
  An octopode (shapeshifter) (Vaults:1)
  3 griffons
  2 moths of wrath
  4 shining eyes
  A tormentor (Elf:3)
  4 hill giants
  2 vault sentinels
  Maurice (D:11)
  10 elephants
  A black mamba (Lair:8)
  An orange demon (Elf:2)
  A gargoyle (D:10)
  A tengu conjurer (D:13)
  Psyche (D:8)
  8 spiny frogs
  4 yaktaurs
  A kobold demonologist (Vaults:2)
  3 komodo dragons
  5 demonic crawlers
  An eye of devastation (Slime:3)
  A hell beast (Vaults:2)
  A merfolk (D:9)
  6 deep elf priests
  A centaur zombie (D:14)
  5 fire drakes
  4 guardian mummies (Tomb:3)
  3 trolls
  26 jumping spiders
  A polar bear (IceCv)
  A wind drake (shapeshifter) (D:13)
  2 two-headed ogres (Orc:4)
  A catoblepas zombie (D:12)
  A freezing wraith (Depths:2)
  2 blue devils
  17 ravens
  9 bog bodies
  6 giant leeches
  A frost giant simulacrum (Depths:2)
  59 slime creatures
  A basilisk (Lair:6)
  5 blink frogs
  4 baby alligators (Swamp:5)
  A shadow (Crypt:1)
  A spectral black mamba (Crypt:1)
  2 boulder beetles
  2 air elementals
  10 spriggans
  A fire dragon skeleton (Depths:1)
  28 redbacks
  3 wraiths
  5 deep elf magi
  4 golden eyes (Slime:6)
  A hill giant zombie (D:11)
  13 trapdoor spiders
  16 ugly things
  A flying skull (Geh:7)
  A wyvern (Lair:8)
  A human (shapeshifter) (Vaults:2)
  6 steam dragons
  40 yaks
  16 vampire mosquitoes
  A vampire (Vaults:2)
  20 tarantellas
  An earth elemental (Depths:1)
  A warg (Orc:2)
  A neqoxec (Vaults:2)
  5 hippogriffs
  A hungry ghost (D:12)
  4 mottled dragons
  13 deep elf fighters
  14 swamp worms
  7 wolves
  11 water moccasins
  2 porcupines
  2 black bears
  5 ice beasts
  9 swamp drakes
  7 yellow wasps
  18 orc warriors
  23 spiders
  A phantom (D:9)
  4 small abominations (Elf:3)
  8 centaurs
  2 necrophages (D:7)
  A snapping turtle skeleton (Geh:7)
  8 crocodiles
  16 ogres
  Duvessa (D:9)
  4 brain worms (Lair:8)
  A lost soul (Elf:3)
  4 big kobolds
  8 giant frogs
  A gnoll sergeant (D:6)
  A cyclops zombie (D:15)
  A wyvern zombie (D:11)
  15 insubstantial wisps
  5 killer bees
  A troll zombie (D:13)
  A cyclops skeleton (D:14)
  A scorpion (Spider:2)
  A hippogriff zombie (D:9)
  3 eyes of draining
  A yak skeleton (D:6)
  5 electric eels
  A goliath beetle (D:8)
  A hippogriff skeleton (D:8)
  2 crimson imps
  An iron imp (Elf:3)
  A wight (Crypt:1)
  5 jellies
  9 removed MONS_BIG_FISHs
  3 hounds
  10 orc wizards
  7 orc priests
  4 iguanas
  4 worker ants
  6 orange rats
  8 sheep
  Ijyb (D:6)
  2 gnolls (D:8)
  13 adders
  3 orc zombies
  15 green rats
  11 white imps
  An orc skeleton (D:10)
  13 worms
  2 ufetubi (Elf:3)
  58 orcs
  3 bats (D:8)
  4 goblins
  5 hobgoblins
  A giant newt (D:1)
  A goblin skeleton (D:5)
  2 jackal zombies (D:7)
  9 kobolds
  A quokka (Lair:5)
  A rat (D:2)
  A ballistomycete (D:11)
  7 briar patches
  2 bushes (D:7)
  3 butterflies (Depths:4)
  3 fungi
  12 plants
1086 creatures vanquished.

Vanquished Creatures (others)
  2 profane servitors
  A shadow dragon (Vaults:5)
  2 tengu reavers
  A fire giant (Vaults:5)
  A draconian scorcher (Zot:5)
  6 ghouls
  A balrug (Zot:5)
  A spectral tengu (Depths:2)
  A red draconian (Elf:3)
  A blizzard demon (Tar:7)
  2 slime creatures
  3 death cobs
  A large abomination (Elf:3)
  A hell hog (Hell)
  A storm dragon zombie (Vaults:2)
  2 titan skeletons
  8 skeletal warriors
  11 flayed ghosts
  A deep elf knight (Depths:1)
  3 wolf spider zombies
  10 phantasmal warriors
  5 stone giant zombies
  A necromancer (Depths:1)
  2 frost giant zombies
  A wolf spider (Vaults:3)
  A spectral spriggan (Swamp:5)
  3 fire giant zombies
  A moth of wrath (Zot:2)
  A stone giant skeleton (Vaults:2)
  2 yaktaur zombies
  A death yak zombie (Lair:6)
  A yellow draconian zombie (Zot:3)
  A swamp worm zombie (Swamp:3)
  4 ghoul skeletons
  2 red devils
  7 redback zombies
  A jumping spider (Spider:4)
  A harpy zombie (Vaults:1)
  A human skeleton (Spider:3)
  A deep elf priest (Elf:3)
  6 hydra zombies (Swamp:5)
  A moth of wrath zombie (Spider:2)
  36 fire elementals
  2 trapdoor spider zombies
  4 fire dragon zombies
  2 jumping spider zombies
  An alligator zombie (Geh:7)
  2 tarantella zombies (Spider:5)
  3 deep elf magi
  12 flying skulls
  2 ice dragon zombies (Depths:1)
  A frost giant simulacrum (Depths:1)
  An ettin skeleton (Depths:1)
  A griffon skeleton (Vaults:1)
  2 ugly thing zombies
  2 hill giant zombies
  3 wraiths
  10 vampires
  A ynoxinul (Elf:3)
  A chaos spawn (Zot:5)
  2 raven zombies
  2 tengu zombies
  A deep elf fighter (Depths:1)
  5 deep troll zombies
  2 spiny frog zombies
  2 ogre skeletons (Vaults:2)
  A baby alligator skeleton (Swamp:5)
  An elephant zombie (Lair:4)
  An ogre (Vaults:5)
  2 boggarts (Depths:1)
  2 swamp dragon zombies (Swamp:5)
  2 fire drake zombies
  3 vampire mosquito zombies
  A centaur (Depths:2)
  A brain worm (shapeshifter) (Depths:1)
  13 lost souls
  2 cyclops zombies
  3 yaktaur skeletons (Vaults:2)
  3 water moccasin zombies
  4 spider zombies
  4 polar bear zombies (IceCv)
  6 troll zombies
  8 yak zombies
  11 wolf zombies
  2 wights (D:6)
  An electric eel (Spider:2)
  18 elf zombies
  3 two-headed ogre zombies
  A crimson imp (D:11)
  A centaur skeleton (D:14)
  5 centaur zombies
  An orange rat (Lair:8)
  2 elf skeletons (Elf:3)
  A bog body skeleton (Swamp:5)
  5 killer bee zombies
  12 human zombies
  A big kobold zombie (Vaults:2)
  A necrophage skeleton (D:10)
  11 ogre zombies
  A crocodile zombie (Lair:1)
  4 dwarf skeletons (Depths:2)
  A hound skeleton (Lair:5)
  A worker ant zombie (D:6)
  5 swamp drake zombies
  A scorpion zombie (D:7)
  4 worm zombies (Lair:8)
  A white imp (Elf:3)
  A goliath beetle zombie (D:6)
  2 ufetubi (Elf:3)
  48 orc zombies
  3 adder zombies
  An iguana zombie (Lair:2)
  A sheep skeleton (D:13)
  A sheep zombie (Lair:5)
  2 orcs
  A bat skeleton (D:8)
  A bat zombie (D:8)
  3 green rat zombies
  A giant cockroach zombie (D:2)
  2 giant spores
  7 goblin zombies
  3 hobgoblin zombies
  A jackal zombie (D:1)
  14 kobold zombies
  A lurking horror (Abyss:2)
  5 orc skeletons
  A quokka zombie (Lair:5)
  28 eldritch tentacle segments
  3 fungi
  9 plants
  10 starspawn tentacles
  18 starspawn tentacle segments (Abyss:2)
  5 tentacles (Coc:7)
  180 tentacle segments
707 creatures vanquished.

Grand Total: 5887 creatures vanquished

Notes
Turn   | Place    | Note
--------------------------------------------------------------
     0 | D:1      | Ololoev, the Demonspawn Death Knight, began the quest for the Orb.
     0 | D:1      | Reached XP level 1. HP: 16/16 MP: 2/2
    91 | D:1      | Reached skill level 4 in Invocations
   110 | D:1      | Gained mutation: You are immune to rotting. [demonic ancestry]
   110 | D:1      | Reached XP level 2. HP: 11/22 MP: 4/4
   860 | D:2      | Acquired Yredelemnul's second power
   860 | D:2      | Gained mutation: You are partially covered in yellow scales (AC +2). [demonic ancestry]
   860 | D:2      | Reached XP level 3. HP: 4/27 MP: 5/5
  1736 | D:2      | Gained mutation: Your flesh is cold resistant. [demonic ancestry]
  1736 | D:2      | Reached XP level 4. HP: 33/33 MP: 7/7
  2136 | D:2      | Reached skill level 5 in Invocations
  2479 | D:3      | Found a shattered altar of Ashenzari.
  2736 | D:3      | Gained mutation: You have large cloven feet. [demonic ancestry]
  2736 | D:3      | Reached XP level 5. HP: 26/38 MP: 10/10
  2747 | D:3      | Found a basalt altar of Yredelemnul.
  3252 | D:3      | Reached skill level 1 in Armour
  3308 | D:3      | Found a white marble altar of Elyvilon.
  3944 | D:4      | Gained mutation: You emit a foul stench. [demonic ancestry]
  3944 | D:4      | Reached XP level 6. HP: 28/44 MP: 11/11
  4065 | D:4      | Acquired Yredelemnul's third power
  4782 | D:5      | Entered Level 5 of the Dungeon
  4822 | D:5      | Reached skill level 5 in Polearms
  5246 | D:5      | Gained mutation: You have hoof-like feet. [demonic ancestry]
  5246 | D:5      | Reached XP level 7. HP: 48/50 MP: 13/13
  5573 | D:5      | Found a deep blue altar of Sif Muna.
  5574 | D:5      | Found a glowing silver altar of Zin.
  5731 | D:6      | Reached skill level 6 in Polearms
  5983 | D:6      | Found a staircase to the Ecumenical Temple.
  6075 | D:6      | Acquired Yredelemnul's fourth power
  6105 | D:6      | Received a gift from Yredelemnul
  6118 | D:6      | Reached skill level 7 in Polearms
  6364 | D:6      | Noticed Ijyb
  6374 | D:6      | Killed Ijyb
  6448 | D:6      | Your ally Ijyb died
  6454 | D:6      | Reached XP level 8. HP: 40/56 MP: 15/15
  7018 | D:6      | Reached skill level 8 in Polearms
  7445 | D:6      | Received a gift from Yredelemnul
  7544 | D:6      | Reached skill level 9 in Polearms
  7544 | D:6      | Reached skill level 1 in Throwing
  8229 | D:7      | Reached XP level 9. HP: 37/61 MP: 17/17
  8277 | D:7      | Got a warped short sword
  8498 | D:7      | Reached skill level 10 in Polearms
  8582 | D:7      | Found a shadowy altar of Dithmenos.
  8848 | D:7      | Identified the +5 short sword of the Median {drain, rF+} (You found it on level 7 of the Dungeon)
  8937 | D:7      | Found a blossoming altar of Fedhas.
  9576 | D:7      | Received a gift from Yredelemnul
  9651 | D:7      | Reached skill level 11 in Polearms
 10165 | D:8      | Noticed Psyche
 10174 | D:8      | Killed Psyche
 10175 | D:8      | Reached skill level 12 in Polearms
 10186 | D:8      | Reached XP level 10. HP: 37/67 MP: 18/18
 10311 | D:8      | Noticed WhatIsLove's ghost (experienced FoFi)
 10320 | D:8      | Your ally Psyche died
 10323 | D:8      | Killed WhatIsLove's ghost
 10611 | D:8      | Received a gift from Yredelemnul
 10834 | D:8      | Noticed Erolcha
 10838 | D:8      | Paralysed by Erolcha for 2 turns
 10847 | D:8      | Killed Erolcha
 11313 | D:9      | Received a gift from Yredelemnul
 11360 | D:9      | Reached skill level 13 in Polearms
 11373 | D:9      | Found an ancient bone altar of Kikubaaqudgha.
 11373 | D:9      | Found a shimmering altar of Xom.
 11479 | D:9      | Found an iron altar of Okawaru.
 11479 | D:9      | Found a glowing golden altar of the Shining One.
 11479 | D:9      | Noticed Edmund
 11484 | D:9      | Killed Edmund
 11623 | D:9      | Found a staircase to the Orcish Mines.
 11778 | D:9      | Found Udaemn's Food Emporium.
 11812 | D:9      | Reached skill level 5 in Armour
 11900 | D:9      | Noticed Duvessa
 11900 | D:9      | Noticed Dowan
 11907 | D:9      | Killed Duvessa
 11909 | D:9      | Killed Dowan
 12046 | D:10     | Entered Level 10 of the Dungeon
 12215 | D:10     | Noticed a hill giant
 12234 | D:10     | Killed a hill giant
 12288 | D:10     | Received a gift from Yredelemnul
 12940 | D:10     | Gained mutation: You radiate miasma. [demonic ancestry]
 12940 | D:10     | Reached XP level 11. HP: 23/72 MP: 20/20
 13724 | D:11     | Noticed Maurice
 13737 | D:11     | Killed Maurice
 13846 | D:11     | Received a gift from Yredelemnul
 14258 | D:11     | Received a gift from Yredelemnul
 15213 | D:11     | Found a staircase to the Lair.
 15339 | Lair:1   | Entered Level 1 of the Lair of Beasts
 15446 | Lair:1   | Received a gift from Yredelemnul
 15460 | Lair:1   | Acquired Yredelemnul's fifth power
 15462 | Lair:1   | Received a gift from Yredelemnul
 15520 | Lair:1   | Reached skill level 10 in Armour
 15790 | Lair:1   | Found a frozen archway.
 15803 | IceCv    | Entered an ice cave
 15905 | IceCv    | Gained mutation: You have hooves in place of feet. [demonic ancestry]
 15905 | IceCv    | Reached XP level 12. HP: 71/78 MP: 22/22
 16026 | IceCv    | Received a gift from Yredelemnul
 16530 | IceCv    | Received a gift from Yredelemnul
 16939 | IceCv    | Noticed an ice statue
 17024 | IceCv    | Killed an ice statue
 17221 | IceCv    | Noticed a death yak
 17262 | IceCv    | Killed a death yak
 17528 | IceCv    | Noticed a frost giant
 17835 | IceCv    | Killed a frost giant
 17845 | IceCv    | Identified Umennu's Disquisition on Aerial Conjuration
 18195 | Lair:1   | Noticed a four-headed hydra
 18203 | Lair:1   | Killed a four-headed hydra
 18203 | Lair:1   | Reached skill level 1 in Evocations
 18204 | Lair:1   | Received a gift from Yredelemnul
 18584 | Lair:2   | Received a gift from Yredelemnul
 18890 | Lair:2   | Found a dark tunnel.
 18898 | Volcano  | Entered a volcano
 18915 | Volcano  | Reached XP level 13. HP: 61/88 MP: 24/24
 19786 | Lair:3   | Found a hole to the Spider Nest.
 19956 | Lair:3   | Noticed Rupert
 19976 | Lair:3   | Paralysed by Rupert for 4 turns
 20386 | Lair:3   | Killed Rupert
 20826 | Lair:3   | Received a gift from Yredelemnul
 21548 | Lair:3   | Reached skill level 5 in Fighting
 22666 | Lair:5   | Received a gift from Yredelemnul
 23303 | Lair:6   | Received a gift from Yredelemnul
 23344 | Lair:6   | Found a staircase to the Swamp.
 23823 | Lair:6   | Received a gift from Yredelemnul
 23866 | Lair:6   | Reached skill level 10 in Invocations
 24624 | Lair:7   | Received a gift from Yredelemnul
 24772 | Lair:7   | Found a viscous altar of Jiyva.
 24772 | Lair:7   | Found a staircase to the Slime Pits.
 25426 | Lair:8   | Entered Level 8 of the Lair of Beasts
 25432 | Lair:8   | Received a gift from Yredelemnul
 25470 | Lair:8   | Reached skill level 10 in Fighting
 25689 | Lair:8   | Reached XP level 14. HP: 107/110 MP: 27/27
 25751 | Lair:8   | Received a gift from Yredelemnul
 27506 | D:12     | Received a gift from Yredelemnul
 27540 | D:12     | Got a crude whip
 27546 | D:12     | Lost intelligence.
 27546 | D:12     | Identified the +7 whip of Igapp {slash, rF+ rN+ Int-4} (You found it on level 12 of the Dungeon)
 27588 | D:12     | Noticed Grum
 27603 | D:12     | Killed Grum
 27664 | D:12     | Identified a scroll of acquirement
 27693 | D:12     | Got a crystal glaive
 27694 | D:12     | Identified the +9 glaive of Embarrassment {freeze, +Blink +Rage rPois} (You acquired it on level 12 of the Dungeon)
 27847 | D:12     | Noticed Urug
 27858 | D:12     | Killed Urug
 27932 | D:12     | Found an ancient bone altar of Kikubaaqudgha.
 28040 | D:12     | Received a gift from Yredelemnul
 28320 | D:13     | Received a gift from Yredelemnul
 28340 | D:13     | Found a glowing golden altar of the Shining One.
 28340 | D:13     | Noticed an angel
 28348 | D:13     | Killed an angel
 28485 | D:13     | Reached skill level 5 in Evocations
 28574 | D:13     | Received a gift from Yredelemnul
 28687 | D:13     | Received a gift from Yredelemnul
 28772 | D:13     | Found a gate to the Vaults.
 28782 | D:13     | Reached skill level 14 in Polearms
 28945 | D:13     | Received a gift from Yredelemnul
 29194 | D:13     | Reached skill level 1 in Dodging
 29495 | Swamp:1  | Entered Level 1 of the Swamp
 29508 | Swamp:1  | Got a brightly glowing hand axe
 29509 | Swamp:1  | Identified the +6 hand axe of Cocytus {flame, rC+ Stlth+} (You found it on level 1 of the Swamp)
 30315 | Swamp:2  | Received a gift from Yredelemnul
 30360 | Swamp:2  | Gained mutation: You are mostly covered in yellow scales (AC +3). [demonic ancestry]
 30360 | Swamp:2  | Reached XP level 15. HP: 105/120 MP: 29/29
 30459 | Swamp:2  | Got a jewelled hat
 30463 | Swamp:2  | Identified the +0 hat of the Original Sin {Str+3 Slay-2} (You found it on level 2 of the Swamp)
 31021 | Swamp:3  | Received a gift from Yredelemnul
 31411 | Swamp:3  | Noticed a thorn hunter
 31425 | Swamp:3  | Killed a thorn hunter
 31601 | Swamp:3  | Reached skill level 15 in Polearms
 31604 | Swamp:3  | Received a gift from Yredelemnul
 32222 | Swamp:5  | Entered Level 5 of the Swamp
 32222 | Swamp:5  | Noticed Mara
 32230 | Swamp:5  | Killed Mara
 32271 | Swamp:5  | Received a gift from Yredelemnul
 32408 | Swamp:5  | Noticed a thorn hunter
 32415 | Swamp:5  | Killed a thorn hunter
 32440 | Swamp:5  | Received a gift from Yredelemnul
 32804 | Swamp:5  | Reached skill level 16 in Polearms
 32804 | Swamp:5  | Received a gift from Yredelemnul
 32836 | Swamp:5  | Got a decaying rune of Zot
 33303 | Spider:1 | Entered Level 1 of the Spider Nest
 33424 | Spider:1 | Noticed Nessos
 33435 | Spider:1 | Killed Nessos
 33564 | Spider:1 | Noticed Sonja
 33577 | Spider:1 | Killed Sonja
 33700 | Spider:1 | Received a gift from Yredelemnul
 34385 | Spider:2 | Received a gift from Yredelemnul
 34578 | Spider:2 | Noticed Jorgrun
 34590 | Spider:2 | Killed Jorgrun
 35006 | Spider:2 | Gained mutation: You are completely covered in yellow scales (AC +4, rCorr). [demonic ancestry]
 35006 | Spider:2 | Reached XP level 16. HP: 120/127 MP: 30/30
 35135 | Spider:3 | Received a gift from Yredelemnul
 35290 | Spider:3 | Noticed Donald
 35297 | Spider:3 | Killed Donald
 36397 | Spider:3 | Your ally Donald died
 36442 | Spider:4 | Reached skill level 17 in Polearms
 36684 | Spider:4 | Received a gift from Yredelemnul
 36973 | Spider:5 | Entered Level 5 of the Spider Nest
 36988 | Spider:5 | Received a gift from Yredelemnul
 37022 | Spider:5 | Received a gift from Yredelemnul
 37318 | Spider:5 | Received a gift from Yredelemnul
 37410 | Spider:5 | Reached skill level 15 in Armour
 37421 | Spider:5 | Received a gift from Yredelemnul
 37694 | Spider:5 | Received a gift from Yredelemnul
 38134 | Spider:5 | Got a gossamer rune of Zot
 38637 | Slime:1  | Entered Level 1 of the Pits of Slime
 38671 | Slime:1  | Noticed an acid blob
 38680 | Slime:1  | Received a gift from Yredelemnul
 38680 | Slime:1  | Killed an acid blob
 38680 | Slime:1  | Reached skill level 18 in Polearms
 38774 | Slime:1  | Noticed an acid blob
 38778 | Slime:1  | Noticed an acid blob
 38779 | Slime:1  | Killed an acid blob
 38784 | Slime:1  | Killed an acid blob
 38784 | Slime:1  | Received a gift from Yredelemnul
 38992 | Slime:1  | Noticed an acid blob
 38998 | Slime:1  | Killed an acid blob
 38998 | Slime:1  | Gained mutation: You are immune to freezing clouds. [demonic ancestry]
 38998 | Slime:1  | Reached XP level 17. HP: 128/133 MP: 30/30
 39154 | Slime:2  | Received a gift from Yredelemnul
 39749 | Slime:3  | Received a gift from Yredelemnul
 39882 | Slime:5  | Received a gift from Yredelemnul
 39966 | Slime:6  | Entered Level 6 of the Pits of Slime
 40120 | Slime:6  | Received a gift from Yredelemnul
 40168 | Slime:6  | Reached skill level 19 in Polearms
 40413 | Slime:6  | Received a gift from Yredelemnul
 40446 | Slime:6  | Found a viscous altar of Jiyva.
 40446 | Slime:6  | Noticed the royal jelly
 40475 | Slime:6  | Received a gift from Yredelemnul
 40478 | Slime:6  | Killed the royal jelly
 40691 | Slime:6  | Got a slimy rune of Zot
 41130 | Orc:1    | Entered Level 1 of the Orcish Mines
 41170 | Orc:1    | Received a gift from Yredelemnul
 41559 | Orc:2    | Received a gift from Yredelemnul
 41579 | Orc:2    | Found Oveac's General Store.
 41624 | Orc:2    | Found an iron altar of Okawaru.
 41637 | Orc:2    | Bought a scroll of teleportation for 45 gold pieces
 41637 | Orc:2    | Bought a scroll of blinking for 112 gold pieces
 41836 | Orc:3    | Found Yzaiffesm's Magic Scroll Boutique.
 41871 | Orc:3    | Bought a scroll of identify for 24 gold pieces
 41871 | Orc:3    | Bought a scroll of acquirement for 624 gold pieces
 41871 | Orc:3    | Bought a scroll of enchant armour for 90 gold pieces
 41871 | Orc:3    | Bought a scroll of identify for 24 gold pieces
 41871 | Orc:3    | Bought a scroll of magic mapping for 42 gold pieces
 41871 | Orc:3    | Bought a scroll of fog for 24 gold pieces
 41871 | Orc:3    | Bought a scroll of identify for 24 gold pieces
 41930 | Orc:3    | Found a roughly hewn altar of Beogh.
 41989 | Orc:3    | Received a gift from Yredelemnul
 42216 | Orc:4    | Entered Level 4 of the Orcish Mines
 42540 | Orc:4    | Received a gift from Yredelemnul
 42548 | Orc:4    | Found a staircase to the Elven Halls.
 42551 | Orc:4    | Reached XP level 18. HP: 82/140 MP: 31/31
 42570 | Orc:4    | Found Broim's Magic Scroll Shoppe.
 42864 | Orc:4    | Found Xuudom's Antique Armour Shoppe.
 42869 | Orc:4    | Found Ziorup's Distillery.
 42875 | Orc:4    | Bought a bloodstained plate armour for 1064 gold pieces
 42898 | Orc:4    | Found Besidoef's Antique Weapon Emporium.
 42922 | Orc:4    | Bought a potion of curing for 28 gold pieces
 42922 | Orc:4    | Bought a potion of heal wounds for 42 gold pieces
 42922 | Orc:4    | Bought a potion of heal wounds for 42 gold pieces
 42946 | Orc:4    | Identified the cursed -5 plate armour of Love and Death {rF+ Dex-2} (You bought it in a shop on level 4 of the Orcish Mines)
 43353 | Orc:4    | Found a gateway to a bazaar.
 43399 | Bazaar   | Entered a bazaar
 43424 | Bazaar   | Found Smaiqira's Gadget Emporium.
 43494 | Bazaar   | Found Weor's Jewellery Emporium.
 43531 | Bazaar   | Found Calaent's Gadget Boutique.
 43582 | Bazaar   | Found Woetuer's Book Emporium.
 43642 | Bazaar   | Bought a wand of hasting (5) for 756 gold pieces
 43686 | Bazaar   | Bought a wand of teleportation (5) for 432 gold pieces
 43842 | Elf:1    | Entered Level 1 of the Elven Halls
 43886 | Elf:1    | Received a gift from Yredelemnul
 43973 | Elf:1    | Received a gift from Yredelemnul
 44310 | Elf:1    | Reached skill level 20 in Polearms
 44349 | Elf:1    | Received a gift from Yredelemnul
 45525 | Elf:2    | Received a gift from Yredelemnul
 46152 | Elf:2    | Received a gift from Yredelemnul
 46880 | Elf:3    | Entered Level 3 of the Elven Halls
 47024 | Elf:3    | Gained mutation: You have a pair of small horns on your head. [helix card]
 47030 | Elf:3    | Found Xyafi's Food Boutique.
 47437 | Elf:3    | Found Pez Afei's Assorted Antiques.
 47454 | Elf:3    | Bought a scroll of identify for 58 gold pieces
 47454 | Elf:3    | Bought a scroll of identify for 58 gold pieces
 47454 | Elf:3    | Bought a potion of heal wounds for 87 gold pieces
 47454 | Elf:3    | Bought a scroll of identify for 58 gold pieces
 47454 | Elf:3    | Bought a potion of curing for 58 gold pieces
 47745 | Elf:3    | Found Voich's Weapon Shoppe.
 47813 | Elf:3    | Got a warped platinum amulet
 47822 | Elf:3    | Identified a +2 rod of striking (13/13) (You found it on level 3 of the Elven Halls)
 47958 | Elf:3    | Found Heabyj's Antique Weapon Shop.
 48008 | Elf:3    | Found Bomog's Magic Scroll Shop.
 48019 | Elf:3    | Received a gift from Yredelemnul
 48338 | Elf:3    | Bought a scroll of identify for 28 gold pieces
 48338 | Elf:3    | Bought a scroll of identify for 28 gold pieces
 48340 | Elf:3    | Identified the amulet of Satisfaction {rMut +Blink} (You found it on level 3 of the Elven Halls)
 48859 | Elf:3    | Received a gift from Yredelemnul
 48905 | Elf:3    | Cast into the Abyss (deep elf sorcerer)
 49063 | Elf:3    | Escaped the Abyss
 49143 | Elf:3    | Received a gift from Yredelemnul
 49209 | Elf:3    | Reached skill level 10 in Evocations
 49427 | Elf:3    | Got a flickering copper ring
 49428 | Elf:3    | Got a polished plate armour
 49450 | Elf:3    | Identified the cursed -6 plate armour "Trykko" {Slay+6 Stlth+} (You took it off a deep elf high priest on level 3 of the Elven Halls)
 49487 | Elf:3    | Got a scintillating copper ring
 49705 | Elf:3    | Received a gift from Yredelemnul
 49723 | Elf:3    | Lost mutation: You have a pair of small horns on your head. [potion of cure mutation]
 49726 | Elf:3    | Got a dazzling helmet
 49730 | Elf:3    | Identified the +1 helmet "Baican" {rN+ Stlth+ Curse} (You found it on level 3 of the Elven Halls)
 49758 | Elf:3    | Identified the ring of Khoosifiott {Str+3 Dex+5} (You took it off a deep elf high priest on level 3 of the Elven Halls)
 49760 | Elf:3    | Identified the ring of Zeb Daic {Str+2 Dex+2 Int+3 SInv} (You took it off a deep elf master archer on level 3 of the Elven Halls)
 49781 | Elf:3    | Identified the Grimoire of Warped Summoning (You found it on level 3 of the Elven Halls)
 50004 | Orc:4    | Received a gift from Yredelemnul
 50019 | Orc:4    | Bought an agate-encrusted scale mail for 342 gold pieces
 50037 | Orc:4    | Identified the cursed +6 scale mail "Shecseimn" {Str+5 Dex-4} (You bought it in a shop on level 4 of the Orcish Mines)
 50610 | D:14     | Found a labyrinth entrance.
 50623 | Lab      | Entered a labyrinth
 50754 | Lab      | Got a slimy zirconium amulet
 50805 | D:14     | Noticed Nergalle
 50810 | D:14     | Killed Nergalle
 50811 | D:14     | Received a gift from Yredelemnul
 51562 | D:14     | Reached XP level 19. HP: 150/150 MP: 32/32
 51562 | D:14     | Received a gift from Yredelemnul
 51985 | D:15     | Entered Level 15 of the Dungeon
 52017 | D:15     | Gained mutation: You have a slow metabolism. [helix card]
 52510 | D:15     | Received a gift from Yredelemnul
 52529 | D:15     | Found a staircase to the Depths.
 52678 | Depths:1 | Entered Level 1 of the Depths
 53031 | Depths:1 | Received a gift from Yredelemnul
 53233 | Depths:1 | Identified the amulet "Shruhank" {Spirit rPois Int+2} (You took it off a minotaur in a labyrinth)
 53269 | Depths:1 | Found a one-way gate leading to the halls of Pandemonium.
 53271 | Depths:1 | the one-way gate leading to the halls of Pandemonium was a mimic.
 53298 | Depths:1 | Found a gateway to Hell.
 53658 | Depths:1 | Found a gateway to a ziggurat.
 53667 | Depths:1 | Received a gift from Yredelemnul
 54094 | Depths:2 | Noticed Sojobo
 54901 | Depths:1 | Killed Sojobo
 54901 | Depths:1 | Enslaved Sojobo
 55600 | Depths:2 | Noticed Saint Roka
 55617 | Depths:2 | Killed Saint Roka
 55884 | Depths:2 | Upgraded the game from 0.15-a0-1729-g99b9770 to 0.15-a0-1788-ga796aff
 56190 | Depths:2 | Noticed a golden dragon
 56201 | Depths:2 | Your ally Sojobo died
 56447 | Depths:2 | Killed a golden dragon
 56731 | Depths:2 | Upgraded the game from 0.15-a0-1788-ga796aff to 0.15-a0-1808-ge879653
 56735 | Depths:2 | Received a gift from Yredelemnul
 57357 | Depths:2 | Received a gift from Yredelemnul
 57786 | Depths:2 | Got a transparent crystal amulet
 57835 | Depths:2 | Reached XP level 20. HP: 60/161 MP: 35/35
 58019 | Depths:2 | Reached skill level 15 in Fighting
 58333 | Depths:2 | Received a gift from Yredelemnul
 58375 | Depths:2 | Reached skill level 15 in Evocations
 58832 | Vaults:1 | Entered Level 1 of the Vaults
 58924 | Vaults:1 | Received a gift from Yredelemnul
 59335 | Vaults:1 | Found Ifilysm's Antique Weapon Boutique.
 59417 | Vaults:1 | Received a gift from Yredelemnul
 59872 | Vaults:1 | Received a gift from Yredelemnul
 60192 | Vaults:1 | Received a gift from Yredelemnul
 61584 | Vaults:2 | Received a gift from Yredelemnul
 61607 | Vaults:2 | Got a pair of dazzling gloves
 61613 | Vaults:2 | Identified the +0 pair of gloves "Cuicokyi" {Str-4 Dex+3} (You found it on level 2 of the Vaults)
 61828 | Vaults:2 | Found Tolashrou's Assorted Antiques.
 61846 | Vaults:2 | Identified the amulet "Struivo" {Gourm +Rage Dex+3 Stlth---} (You took it off an ogre mage on level 2 of the Depths)
 61950 | Vaults:2 | Found a staircase to the Crypt.
 62084 | Vaults:2 | Noticed Frederick
 62141 | Vaults:2 | Killed Frederick
 62150 | Vaults:2 | Received a gift from Yredelemnul
 62210 | Vaults:2 | Your ally Frederick died
 62265 | Vaults:2 | Received a gift from Yredelemnul
 62982 | Vaults:2 | Received a gift from Yredelemnul
 63638 | Vaults:2 | Gained mutation: Your magical and physical power is slightly enhanced at high health. [demonic ancestry]
 63638 | Vaults:2 | Reached XP level 21. HP: 171/173 MP: 36/36
 63926 | Crypt:1  | Entered Level 1 of the Crypt
 63964 | Crypt:1  | Got a slimy silver ring
 63966 | Crypt:1  | Identified the cursed ring "Khoiggyhiu" {Str-3 Int+3} (You found it on level 1 of the Crypt)
 64114 | Crypt:1  | Noticed a greater mummy
 64116 | Crypt:1  | Noticed Khufu
 64985 | Vaults:2 | Killed a greater mummy
 65661 | Temple   | Entered the Ecumenical Temple
 65674 | Temple   | Fell from the grace of Yredelemnul
 65674 | Temple   | Became a worshipper of Makhleb the Destroyer
 66953 | Vaults:3 | Acquired Makhleb's first power
 68241 | Vaults:3 | Acquired Makhleb's second power
 68624 | Vaults:4 | Reached skill level 21 in Armour
 68697 | Vaults:4 | Acquired Makhleb's third power
 69048 | Vaults:4 | Found Psar Clywomn's Gadget Boutique.
 69304 | Vaults:4 | Upgraded the game from 0.15-a0-1808-ge879653 to 0.15-a0-1828-g04ddf54
 69427 | Vaults:4 | Acquired Makhleb's fourth power
 70154 | Vaults:4 | Reached skill level 5 in Dodging
 70232 | Vaults:5 | Entered Level 5 of the Vaults
 70269 | Vaults:5 | Reached XP level 22. HP: 163/184 MP: 36/36
 70310 | Vaults:5 | Acquired Makhleb's fifth power
 70700 | Vaults:5 | Found Zumiem's Magic Scroll Boutique.
 70700 | Vaults:5 | Found Xamm's Magic Scroll Shoppe.
 70701 | Vaults:5 | Noticed an ancient lich
 70714 | Vaults:5 | Killed an ancient lich
 70843 | Vaults:5 | Found Caalau's Magic Scroll Shop.
 71006 | Vaults:5 | Found Nismej's Distillery.
 71044 | Vaults:5 | Found Psineeq's Magic Scroll Shop.
 71083 | Vaults:5 | Reached skill level 10 in Dodging
 71287 | Vaults:5 | Found Bohekhli's Food Shoppe.
 71308 | Vaults:5 | Found Orunok's Food Boutique.
 71317 | Vaults:5 | Found Vitz's Distillery.
 71319 | Vaults:5 | Got a silver rune of Zot
 72174 | Vaults:5 | Got a steaming ivory ring
 72175 | Vaults:5 | Identified the ring "Skidatt" {+Blink rPois MR+ Dex+4 SInv} (You found it on level 5 of the Vaults)
 72255 | Vaults:5 | Noticed an ancient lich
 72262 | Vaults:5 | Killed an ancient lich
 72525 | Vaults:5 | Identified the Guide on the Creative Birds (You found it on level 5 of the Vaults)
 72532 | Vaults:5 | Learned a level 2 spell: Swiftness
 72536 | Vaults:5 | Learned a level 3 spell: Passwall
 73102 | Vaults:5 | Gained mutation: Your magical and physical power is enhanced at high health. [demonic ancestry]
 73102 | Vaults:5 | Reached XP level 23. HP: 163/190 MP: 37/37
 73759 | Vaults:2 | Learned a level 2 spell: Repel Missiles
 73763 | Vaults:2 | Learned a level 3 spell: Flight
 73821 | Vaults:2 | Learned a level 5 spell: Silence
 74692 | Depths:2 | Learned a level 1 spell: Apportation
 74695 | Depths:2 | Learned a level 2 spell: Blink
 74815 | Depths:2 | Reached skill level 15 in Dodging
 74932 | Depths:2 | Noticed a golden dragon
 74945 | Depths:2 | Killed a golden dragon
 75712 | Depths:3 | Found a one-way gate leading to the halls of Pandemonium.
 76386 | Depths:3 | Got a crude graven amulet
 76388 | Depths:3 | Identified the amulet "Uteonaot" {rMut Slay-3} (You found it on level 3 of the Depths)
 76642 | D:15     | Was forgiven by Yredelemnul
 77342 | Elf:3    | Bought the +8 lance "Wyrmbane" {slay drac, +Rage rPois rF+ AC+5} for 3342 gold pieces
 78551 | Depths:3 | Reached XP level 24. HP: 197/197 MP: 38/38
 78960 | Depths:4 | Reached skill level 1 in Shields
 79186 | Depths:4 | Found a one-way gate to the infinite horrors of the Abyss.
 79957 | Depths:4 | Reached skill level 5 in Shields
 80162 | Depths:4 | Noticed Turgon's ghost (mighty DgEE)
 80186 | Depths:4 | Killed Turgon's ghost
 80571 | Depths:5 | Entered Level 5 of the Depths
 81019 | Depths:5 | Found a gate to the Realm of Zot.
 81071 | Depths:5 | Reached skill level 10 in Shields
 81128 | Depths:5 | Found Hagahora's Jewellery Boutique.
 81862 | Zot:1    | Entered Level 1 of the Realm of Zot
 81934 | Zot:1    | Reached skill level 1 in Spellcasting
 81964 | Zot:1    | Reached skill level 1 in Hexes
 81982 | Zot:1    | Reached skill level 1 in Air Magic
 82231 | Zot:1    | Upgraded the game from 0.15-a0-1828-g04ddf54 to 0.15-a0-1854-g6489380
 82932 | Zot:2    | Reached skill level 1 in Charms
 82950 | Zot:2    | Gained mutation: A meltable icy envelope protects you from harm and freezing vapours (AC +0). [demonic ancestry]
 82950 | Zot:2    | Reached XP level 25. HP: 124/204 MP: 38/38
 84081 | Zot:2    | Reached skill level 5 in Hexes
 84090 | Zot:2    | Reached skill level 5 in Spellcasting
 84195 | Zot:2    | Reached skill level 5 in Air Magic
 84952 | Zot:3    | Noticed an orb of fire
 84978 | Zot:3    | Reached skill level 5 in Charms
 84985 | Zot:3    | Lost mutation: You have a slow metabolism. [an orb of fire]
 84998 | Zot:3    | Killed an orb of fire
 85041 | Zot:3    | Noticed an ancient lich
 85056 | Zot:3    | Killed an ancient lich
 85606 | Zot:3    | Reached skill level 1 in Translocations
 85615 | Zot:3    | Reached skill level 1 in Transmutations
 85687 | Zot:3    | Reached skill level 1 in Earth Magic
 85815 | Zot:3    | Noticed an orb of fire
 85815 | Zot:3    | Gained mutation: You are weak. (Str -2) [an orb of fire]
 85837 | Zot:3    | Killed an orb of fire
 85837 | Zot:3    | Reached XP level 26. HP: 211/211 MP: 39/39
 87220 | Zot:4    | Got a brightly glowing scale mail
 87238 | Zot:4    | Identified the cursed +2 scale mail of the Solstice {rPois Str+3} (You found it on level 4 of the Realm of Zot)
 87326 | Zot:4    | Found a stormy altar of Qazlal.
 88225 | Zot:5    | Entered Level 5 of the Realm of Zot
 88633 | Zot:5    | Noticed an ancient lich
 88644 | Zot:5    | Killed an ancient lich
 88730 | Zot:5    | Noticed an ancient lich
 88755 | Zot:5    | Noticed an orb of fire
 88776 | Zot:5    | Killed an orb of fire
 88783 | Zot:5    | Killed an ancient lich
 88783 | Zot:5    | Reached skill level 5 in Transmutations
 88783 | Zot:5    | Reached skill level 5 in Earth Magic
 88829 | Zot:5    | Reached skill level 5 in Translocations
 88840 | Zot:5    | Noticed an orb of fire
 88850 | Zot:5    | Killed an orb of fire
 88907 | Zot:5    | Noticed an ancient lich
 88940 | Zot:5    | Killed an ancient lich
 88958 | Zot:5    | Reached skill level 10 in Air Magic
 88991 | Zot:5    | Noticed an orb of fire
 89004 | Zot:5    | Noticed an orb of fire
 89006 | Zot:5    | Killed an orb of fire
 89011 | Zot:5    | Noticed an orb of fire
 89014 | Zot:5    | Noticed an orb of fire
 89022 | Zot:5    | Killed an orb of fire
 89028 | Zot:5    | Gained mutation: You are very weak. (Str -4) [an orb of fire]
 89029 | Zot:5    | Killed an orb of fire
 89039 | Zot:5    | Killed an orb of fire
 89039 | Zot:5    | Reached skill level 10 in Charms
 89039 | Zot:5    | Gained mutation: Your magical and physical power is greatly enhanced at high health. [demonic ancestry]
 89039 | Zot:5    | Reached XP level 27. HP: 192/217 MP: 39/39
 89070 | Zot:5    | Noticed an orb of fire
 89092 | Zot:5    | Killed an orb of fire
 89295 | Zot:5    | Noticed an orb of fire
 89312 | Zot:5    | Killed an orb of fire
 89452 | Zot:5    | Noticed an orb of fire
 89458 | Zot:5    | Noticed an orb of fire
 89459 | Zot:5    | Gained mutation: You occasionally shout uncontrollably at your foes. [an orb of fire]
 89476 | Zot:5    | Killed an orb of fire
 89501 | Zot:5    | Killed an orb of fire
 89543 | Zot:5    | Noticed an orb of fire
 89560 | Zot:5    | Killed an orb of fire
 90831 | Vaults:5 | Bought a potion of cure mutation for 840 gold pieces
 90831 | Vaults:5 | Bought a potion of heal wounds for 72 gold pieces
 91432 | Lair:5   | Learned a level 3 spell: Regeneration
 92500 | Vaults:1 | Cast into the Abyss (a distortion unwield)
 92638 | Abyss:1  | Reached skill level 1 in Necromancy
 93270 | Abyss:2  | Found a corrupted altar of Lugonu.
 93402 | Abyss:2  | Reached skill level 5 in Necromancy
 93658 | Abyss:3  | Found a corrupted altar of Lugonu.
 93664 | Abyss:3  | Found a corrupted altar of Lugonu.
 93931 | Abyss:3  | Found a corrupted altar of Lugonu.
 94022 | Abyss:3  | Found a corrupted altar of Lugonu.
 94529 | Abyss:3  | Got an abyssal rune of Zot
 94636 | Vaults:1 | Escaped the Abyss
 94847 | Crypt:1  | Lost mutation: You are very weak. (Str -4) [potion of cure mutation]
 94847 | Crypt:1  | Lost mutation: You are weak. (Str -2) [potion of cure mutation]
 94847 | Crypt:1  | Lost mutation: You occasionally shout uncontrollably at your foes. [potion of cure mutation]
 94932 | Vaults:2 | Learned a level 5 spell: Silence
 94939 | Vaults:2 | Learned a level 6 spell: Deflect Missiles
 95034 | Crypt:1  | Killed Khufu
 96271 | Crypt:3  | Entered Level 3 of the Crypt
 97009 | Crypt:3  | Identified the Compendium of the Shifting Mountains (You found it on level 3 of the Crypt)
 97018 | Crypt:3  | Identified the Handbook of Attacks (You found it on level 3 of the Crypt)
 97039 | Crypt:3  | Identified the Compendium of Terra Cotta (You found it on level 3 of the Crypt)
 97043 | Crypt:3  | Learned a level 1 spell: Summon Butterflies
 97047 | Crypt:3  | Identified Sif Muna's Grimoire of Transmutation and Poison (You found it on level 3 of the Crypt)
 97291 | Crypt:3  | Found a staircase to the Tomb.
 97379 | Crypt:3  | Noticed Boris
 97578 | Crypt:3  | Killed Boris
 98080 | Tomb:1   | Entered Level 1 of the Tomb of the Ancients
102976 | Tomb:1   | Reached skill level 15 in Shields
103304 | Tomb:2   | Got an ichor-stained ring mail
103305 | Tomb:2   | Identified the +2 ring mail of the Turtle {Slay-3} (You found it on level 2 of the Tomb of the Ancients)
103600 | Tomb:3   | Entered Level 3 of the Tomb of the Ancients
105623 | Tomb:3   | Got a sparkling turquoise ring
105624 | Tomb:3   | Identified the ring "Jemiexey" {+Fly Str+3 Dex+3 Int+1} (You found it on level 3 of the Tomb of the Ancients)
105639 | Tomb:3   | Got a brightly glowing buckler
105640 | Tomb:3   | Identified the +0 buckler "Jyohyw" {Str+5} (You found it on level 3 of the Tomb of the Ancients)
105691 | Tomb:3   | Got a pitted emerald amulet
105692 | Tomb:3   | Identified the amulet of a Thousand Beggars {Clar Str-4 Int+2} (You found it on level 3 of the Tomb of the Ancients)
106162 | Tomb:3   | Got a golden rune of Zot
107339 | Hell     | Entered the Vestibule of Hell
107339 | Hell     | Noticed Geryon
107351 | Hell     | Killed Geryon
107505 | Hell     | Found a gateway to the decaying netherworld of Tartarus.
107562 | Hell     | Found a gateway to the ashen valley of Gehenna.
107584 | Hell     | Reached skill level 22 in Fighting
107843 | Hell     | Upgraded the game from 0.15-a0-1854-g6489380 to 0.15-a0-1866-g491fd59
107889 | Hell     | Found a gateway to the Iron City of Dis.
108006 | Hell     | Found a gateway to the freezing wastes of Cocytus.
108774 | Orc:4    | Bought a pair of glowing gloves for 171 gold pieces
108774 | Orc:4    | Bought a glowing shield for 171 gold pieces
109727 | Geh:1    | Entered Level 1 of Gehenna
109922 | Geh:3    | Gained mutation: Armour fits poorly on your strangely shaped body. [a neqoxec]
110585 | Geh:5    | Reached skill level 23 in Fighting
110757 | Geh:7    | Entered Level 7 of Gehenna
111108 | Geh:7    | Identified a cursed +3 rod of shadows (5/10) (You took it off a balrug on level 7 of Gehenna)
111166 | Geh:7    | Identified the Guide on Stolen Souls (You found it on level 7 of Gehenna)
111178 | Geh:7    | Noticed Asmodeus
111220 | Geh:7    | Killed Asmodeus
111232 | Geh:7    | Got an obsidian rune of Zot
111355 | Geh:7    | Reached skill level 15 in Invocations
111922 | Coc:1    | Entered Level 1 of Cocytus
112597 | Coc:7    | Entered Level 7 of Cocytus
112619 | Coc:7    | Reached skill level 24 in Fighting
113299 | Coc:7    | Noticed Antaeus
113540 | Coc:7    | Killed Antaeus
113585 | Coc:7    | Got an icy rune of Zot
114884 | Tar:1    | Entered Level 1 of Tartarus
115018 | Tar:1    | Reached skill level 25 in Fighting
115633 | Tar:7    | Entered Level 7 of Tartarus
116046 | Tar:7    | Noticed an ancient lich
116060 | Tar:7    | Killed an ancient lich
116109 | Tar:7    | Got a polished chain mail
116110 | Tar:7    | Identified the +1 chain mail of Beauty {rC+ Slay+4 Stlth+} (You found it on level 7 of Tartarus)
116254 | Tar:7    | Noticed Ereshkigal
116330 | Tar:7    | Killed Ereshkigal
116489 | Tar:7    | Got a bone rune of Zot
116600 | Tar:7    | Noticed an ancient lich
116617 | Tar:7    | Killed an ancient lich
116858 | Tar:7    | Identified a +4 rod of destruction (10/10) (You found it on level 7 of Tartarus)
117709 | Dis:1    | Entered Level 1 of the Iron City of Dis
118362 | Dis:4    | Gained mutation: Potions and wands are less effective at restoring your health. [mutagenic glow]
118392 | Dis:4    | Reached skill level 26 in Fighting
118422 | Dis:4    | Gained mutation: You tend to lose your temper in combat. [mutagenic glow]
118721 | Dis:7    | Entered Level 7 of the Iron City of Dis
119196 | Dis:7    | Got a pair of shimmering boots
119197 | Dis:7    | Identified the +0 pair of boots of Awe {Str-3 Int+3} (You found it on level 7 of the Iron City of Dis)
119322 | Dis:7    | Noticed the Serpent of Hell
119331 | Dis:7    | Killed the Serpent of Hell
119448 | Dis:7    | Noticed Dispater
119932 | Dis:7    | Killed Dispater
119999 | Dis:7    | Reached skill level 27 in Fighting
120069 | Dis:7    | Got an iron rune of Zot
120073 | Dis:7    | Got a warped marble ring
120074 | Dis:7    | Identified the ring of Linearity {rN+ MR+} (You found it on level 7 of the Iron City of Dis)
120270 | Pan      | Entered Pandemonium
120568 | Pan      | Found an exit through the horrors of the Abyss.
120912 | Pan      | Noticed Ziazuyli the pandemonium lord
120920 | Pan      | Killed from afar by a Brimstone Fiend

Action                   |  1- 3 |  4- 6 |  7- 9 | 10-12 | 13-15 | 16-18 | 19-21 | 22-24 | 25-27 || total
-------------------------+-------+-------+-------+-------+-------+-------+-------+-------+-------++-------
Melee: Spear             |   179 |   160 |       |       |       |       |       |       |       ||   339
       Trident           |       |   185 |   408 |       |       |       |       |       |       ||   593
       Halberd           |       |       |    81 |   916 |   522 |       |       |       |       ||  1519
       Glaive            |       |       |       |       |   467 |  1214 |  1625 |  1410 |   558 ||  5274
       Lance             |       |       |       |       |       |       |       |   375 |  5703 ||  6078
Throw: Throwing net      |       |       |       |     2 |       |       |       |       |       ||     2
       Tomahawk          |       |       |       |     2 |     1 |       |       |       |       ||     3
 Cast: Flight            |       |       |       |       |       |       |       |       |    22 ||    22
       Repel Missiles    |       |       |       |       |       |       |       |       |     9 ||     9
       Regeneration      |       |       |       |       |       |       |       |       |    72 ||    72
       Apportation       |       |       |       |       |       |       |       |       |     1 ||     1
       Swiftness         |       |       |       |       |       |       |       |       |     1 ||     1
Invok: Animate Remains   |     9 |     8 |       |       |       |       |       |       |       ||    17
       Recall Undead Sla |     1 |       |       |       |       |       |       |       |       ||     1
       Injury Mirror     |       |     2 |     1 |     1 |       |       |     1 |       |       ||     5
       Animate Dead      |       |     5 |    31 |    49 |    80 |    68 |    74 |       |       ||   307
       Drain Life        |       |       |     1 |     2 |       |     1 |     6 |       |       ||    10
       Enslave Soul      |       |       |       |       |     4 |     4 |     1 |       |       ||     9
       Greater Servant o |       |       |       |       |       |       |       |       |     4 ||     4
 Abil: Evoke Blink       |       |       |       |       |       |    14 |     1 |       |     1 ||    16
       Evoke Berserk Rag |       |       |       |       |       |     3 |     1 |     1 |    27 ||    32
Evoke: Wand              |       |     1 |       |     7 |    30 |    18 |     4 |     1 |    35 ||    96
       Lamp of fire      |       |       |       |       |     3 |     2 |    12 |     9 |    16 ||    42
       Box of beasts     |       |       |       |       |     9 |       |       |       |       ||     9
       Deck              |       |       |       |       |       |    10 |     2 |       |       ||    12
       Stone of tremors  |       |       |       |       |       |       |     2 |       |       ||     2
       Sack of spiders   |       |       |       |       |       |       |       |     1 |       ||     1
       Rod               |       |       |       |       |       |       |       |       |     2 ||     2
  Use: Scroll            |       |    15 |     2 |     6 |    19 |    25 |    18 |    15 |    57 ||   157
       Potion            |       |       |     3 |     2 |     9 |     7 |     6 |     5 |    17 ||    49
 Stab: Distracted        |       |       |     9 |     7 |    13 |    27 |    22 |     3 |    13 ||    94
       Confused          |       |       |       |     1 |       |     3 |     3 |     1 |       ||     8
       Fleeing           |       |       |       |     1 |       |       |       |       |       ||     1
       Sleeping          |       |       |       |       |       |     1 |       |       |       ||     1
